AoeStats
← SW_Paul

Arena

510285315Analyzed
4v4 RM · 16h ago on Sep 30, 2026· 56m 0s· 8 players
Game mode
Random Map
Map size
Large (8 player)
Population
200
Speed
Normal
Resources
Standard
Victory
Conquest
Starting age
Dark Age
Ending age
Imperial Age
RankedLock teamsTeams togetherTeam positionsShared explorationLock speedFull tech treeHidden civsTurbo modeCheats
Victory
Defeat
🇨🇳 Varangians · China
1238
+15
🇨🇳 Franks · China
1210
+16
🇹🇷 Japanese · Türkiye
1195
+17
🇨🇳 Bohemians · China
1184
+17
🇨🇳 Persians · China
1285
-19
🇨🇳 Varangians · China
1270
-19
🇨🇳 Khmer · China
1176
-15
🇨🇳 Vikings · China
1112
-12
SW硬虎
5:30 Loom
10:53 Feudal Age
16:44 Castle Age
15:33 Double-Bit Axe
15:40 Gold Mining
18:20 Bow Saw
19:57 Wheelbarrow
24:29 Fervor
24:52 Hand Cart
25:26 Treadmill Crane
26:09 Ballistics
29:47 Imperial Age
27:03 Town Watch
27:41 Scale Barding Armor
29:28 Chain Barding Armor
29:19 Forging
28:54 Ordonnance Companies
29:27 Fletching
29:37 Padded Archer Armor
31:00 Gold Shaft Mining
30:17 Stone Mining
31:06 Heavy Mounted Crossbowman
31:41 Cranequins
32:47 Conscription
32:35 Pikeman
33:37 Bodkin Arrow
33:57 Leather Archer Armor
34:16 Husbandry
33:37 Cavalier
34:23 Town Patrol
34:32 Halberdier
34:58 Gambesons
35:13 Squires
35:50 Plate Barding Armor
35:19 Scale Mail Armor
35:55 Iron Casting
35:35 Siege Engineers
36:37 Chemistry
35:43 Siege Engineers
36:51 Block Printing
37:09 Scale Mail Armor
37:46 Iron Casting
38:41 Coinage
37:51 Light Cavalry
38:52 Chain Mail Armor
38:39 Arson
42:37 Blast Furnace
42:08 Plate Mail Armor
42:40 Blast Furnace
44:21 Murder Holes
44:38 Masonry
44:39 Fortified Wall
45:55 Paladin
50:15 Paladin
51:37 Banking
54:00 Paladin
531296906
11:14 Feudal Age
15:34 Castle Age
13:48 Double-Bit Axe
14:11 Horse Collar
17:49 Bow Saw
22:10 Heavy Plow
23:38 Wheelbarrow
22:57 Loom
31:00 Imperial Age
30:39 Hand Cart
31:30 Padded Archer Armor
31:20 Fletching
32:37 Chemistry
31:57 Ballistics
32:14 Conscription
33:24 Two-Man Saw
32:14 Town Watch
34:29 Elite Hussite Wagon
35:09 Bodkin Arrow
35:30 Leather Archer Armor
35:31 Masonry
37:54 Bracer
38:25 Ring Archer Armor
39:53 Houfnice
45:07 Pikeman
45:48 Squires
46:27 Forging
46:17 Scale Mail Armor
46:23 Scale Barding Armor
50:17 Caravan
51:47 Chain Mail Armor
52:07 Iron Casting
52:50 Halberdier
54:26 Plate Mail Armor
Subuday Noyan
8:23 Feudal Age
16:13 Castle Age
14:22 Double-Bit Axe
15:01 Stone Mining
15:00 Horse Collar
15:12 Stone Mining
16:05 Gold Mining
17:05 Scale Mail Armor
17:16 Forging
19:23 Chain Mail Armor
19:11 Squires
22:14 Gambesons
23:20 Arson
25:33 Iron Casting
29:40 Pikeman
32:11 Bow Saw
32:59 Gold Shaft Mining
32:42 Heavy Plow
39:26 Imperial Age
37:50 Wheelbarrow
40:03 Crossbowman
40:35 Fletching
40:46 Padded Archer Armor
41:41 Plate Mail Armor
43:10 Blast Furnace
42:34 Bodkin Arrow
42:39 Padded Archer Armor
44:15 Conscription
45:20 Two-Man Saw
44:02 Halberdier
45:38 Hand Cart
45:09 Loom
45:10 Town Watch
45:45 Leather Archer Armor
46:17 Bracer
46:30 Arbalester
47:15 Thumb Ring
48:19 Ballistics
48:52 Yasama
49:26 Ring Archer Armor
50:17 Chemistry
49:52 Elite Samurai
52:06 Siege Engineers
52:13 Masonry
51:46 Treadmill Crane
52:40 Shipwright
SW_Paul
12:18 Feudal Age
13:05 Double-Bit Axe
13:08 Horse Collar
16:23 Castle Age
14:36 Gold Mining
15:06 Stone Mining
18:30 Fervor
21:48 Wheelbarrow
21:03 Loom
22:52 Stone Shaft Mining
23:15 Bow Saw
23:38 Heavy Plow
30:26 Imperial Age
28:09 Bloodlines
28:52 Hand Cart
28:25 Treadmill Crane
29:07 Ballistics
29:40 Scale Barding Armor
29:55 Forging
30:04 Husbandry
30:18 Fortified Wall
30:58 Chain Barding Armor
30:38 Town Watch
31:27 Conscription
32:23 Chemistry
31:31 Elite Jarl
32:57 Plate Barding Armor
32:57 Siege Engineers
34:51 Iron Casting
34:38 Murder Holes
35:30 Masonry
35:58 Squires
35:43 Arson
35:59 Scale Mail Armor
37:03 Blast Furnace
36:44 Pikeman
37:19 Halberdier
38:14 Fletching
38:51 Scale Mail Armor
39:13 Town Patrol
39:47 Crop Rotation
40:18 Two-Man Saw
40:12 Chain Mail Armor
41:39 Guilds
44:52 Architecture
45:05 Plate Mail Armor
45:38 Bodkin Arrow
47:30 Elite Varangian Guard
48:13 Bracer
50:55 Caravan
50:56 Padded Archer Armor
51:29 Gothikon
55:00 Leather Archer Armor
55:17 Coinage
种田使我快乐
10:31 Feudal Age
12:48 Loom
15:28 Castle Age
13:57 Double-Bit Axe
13:57 Horse Collar
20:47 Fletching
27:21 Wheelbarrow
28:33 Heavy Plow
29:07 Hand Cart
33:12 Imperial Age
30:33 Treadmill Crane
31:28 Town Watch
31:43 Town Watch
34:10 Elite Varangian Guard
34:54 Squires
34:39 Gambesons
36:12 Husbandry
36:23 Bloodlines
36:15 Husbandry
36:08 Arson
36:36 Forging
36:32 Scale Barding Armor
37:17 Stone Mining
37:17 Gold Mining
39:19 Chain Barding Armor
39:34 Iron Casting
39:00 Scale Mail Armor
39:51 Capped Ram
40:11 Pikeman
41:43 Plate Barding Armor
41:05 Bodkin Arrow
42:30 Siege Engineers
42:47 Ballistics
42:54 Conscription
44:59 Bow Saw
44:52 Heavy Plow
45:52 Light Cavalry
46:53 Hussar
48:36 Elite Jarl
51:04 Caravan
52:24 Chain Mail Armor
54:03 Blast Furnace
慈溪铁头马
8:11 Loom
9:59 Feudal Age
14:18 Castle Age
12:23 Double-Bit Axe
12:53 Horse Collar
15:01 Bow Saw
17:27 Loom
23:17 Loom
25:46 Wheelbarrow
28:37 Imperial Age
26:29 Scale Barding Armor
26:34 Forging
26:43 Forging
27:06 Gold Mining
27:38 Bloodlines
27:28 Husbandry
28:24 Chain Barding Armor
28:53 Iron Casting
29:25 Conscription
28:48 Cavalier
32:44 Plate Barding Armor
33:09 Blast Furnace
33:25 Blast Furnace
33:08 Savar
35:41 Fletching
35:52 Padded Archer Armor
37:04 Hand Cart
36:49 Bodkin Arrow
42:04 Town Watch
41:50 Light Cavalry
43:21 Leather Archer Armor
44:25 Two-Man Saw
45:06 Ring Archer Armor
44:43 Thumb Ring
43:59 Crossbowman
45:33 Kamandaran
49:03 Chemistry
48:47 Parthian Tactics
49:49 Ballistics
48:53 Hussar
76561199087257547
10:19 Feudal Age
14:09 Castle Age
12:16 Double-Bit Axe
12:30 Horse Collar
20:03 Bow Saw
20:36 Gold Mining
22:53 Loom
26:12 Imperial Age
24:03 Scale Mail Armor
24:13 Forging
23:26 Pikeman
24:06 Squires
25:13 Fletching
26:45 Bodkin Arrow
慈溪投矛手
6:41 Loom
10:03 Feudal Age
14:15 Castle Age
13:02 Double-Bit Axe
14:09 Horse Collar
16:47 Bow Saw
20:36 Gold Mining
22:44 Wheelbarrow
22:04 Stone Mining
23:15 Caravan
24:20 Gold Shaft Mining
24:46 Hand Cart
26:00 Scale Barding Armor
26:06 Forging
28:12 Stone Shaft Mining
30:16 Imperial Age
28:22 Heavy Plow
29:03 Chain Barding Armor
29:19 Iron Casting
29:17 Tusk Swords
30:16 Bloodlines
32:36 Plate Barding Armor
33:01 Blast Furnace
32:16 Elite Battle Elephant
33:34 Conscription
48:48 Elite Skirmisher
49:23 Fletching
49:34 Padded Archer Armor
51:23 Bodkin Arrow
51:43 Leather Archer Armor
Connection lost

Rejoining the realm…

Still unreachable

The connection could not be restored.

Session expired

The server has moved on; the page needs a fresh start.